 Dungeon Crawl Stone Soup version 0.18.1-50-g88ac8fd (webtiles) character file.

105 RudyRod the Skirmisher (level 4, -1/43 HPs)
             Began as a Naga Fighter on Oct 12, 2016.
             Slain by a gnoll
             ... wielding a +0 flail
              (8 damage)
             ... on level 3 of the Dungeon.
             The game lasted 00:07:36 (1304 turns).

RudyRod the Skirmisher (Naga Fighter)               Turns: 1304, Time: 00:07:37

Health: -1/43      AC:  8    Str: 23    XL:     4   Next: 81%
Magic:  4/4        EV:  6    Int:  9    God:
Gold:   65         SH:  9    Dex: 11    Spells: 0 memorised, 3 levels left

rFire  . . .     SeeInvis +     a - +0 long sword
rCold  . . .     Gourm    .     b - +0 scale mail
rNeg   . . .     Faith    .     c - +0 shield
rPois  +         Spirit   .     (no helmet)
rElec  .         Dismiss  .     (no cloak)
rCorr  .         Reflect  .     (no gloves)
SustAt .         Harm     .     (no barding)
MR     .....                    (no amulet)
Stlth  ..........               (no ring)
                                h - +3 ring of protection

@: mighty, very slow, not resistant to hostile enchantments, extremely
unstealthy
A: see invisible, deformed body, poison resistance, slowness 2, slow metabolism
1, spit poison 2, AC +1
a: Spit Poison


You were on level 3 of the Dungeon.
You were not hungry.

You visited 1 branch of the dungeon, and saw 3 of its levels.

You collected 65 gold pieces.

Inventory:

Hand Weapons
 a - a +0 long sword (weapon)
Armour
 b - a +0 scale mail (worn)
 c - a +0 shield (worn)
Jewellery
 h - a +3 ring of protection (left hand)
Scrolls
 l - a scroll of immolation {unknown}
 n - a scroll of identify
 q - a scroll of teleportation {unknown}
Potions
 e - a potion of ambrosia {unknown}
 j - a potion of magic {unknown}
 m - a potion of heal wounds {unknown}
 p - a potion of curing
Comestibles
 f - 2 bread rations
 g - a chunk of flesh
 i - a meat ration
 k - a beef jerky
 o - 4 fruits


   Skills:
 + Level 3.6 Fighting
 + Level 2.2 Long Blades
 + Level 2.9 Armour
 + Level 0.8 Dodging
 * Level 1.4 Stealth
 + Level 3.2 Shields


You had 3 spell levels left.
You didn't know any spells.

Dungeon Overview and Level Annotations

Branches:
Dungeon (3/15)

Altars:


Innate Abilities, Weirdness & Mutations

You cannot wear boots.
Your serpentine skin is tough (AC +1).
You have supernaturally acute eyesight.
Armour fits poorly on your strangely shaped body.
Your system is resistant to poisons.
You cover ground very slowly.
You have a slow metabolism.
You can spit poison.


Message History

The gnoll hits you from afar with a halberd.
Jessica hits you but does no damage. You block the gnoll's attack.
Drink which item? (? for menu, Esc to quit)
You feel very mighty all of a sudden. The gnoll hits you with a flail!
* * * LOW HITPOINT WARNING * * *
The gnoll closely misses you. Jessica barely misses you.
You block the gnoll's attack.
You barely miss Jessica.
Jessica is severely wounded.
You block Jessica's attack. You block the gnoll's attack.
The gnoll hits you from afar with a halberd.
* * * LOW HITPOINT WARNING * * *
You block the gnoll's attack. Jessica hits you with a club.
* * * LOW HITPOINT WARNING * * *
You slash Jessica!
You kill Jessica!
Your Stealth skill increases to level 1!
The gnoll hits you with a flail!
You die...

#..##
#...#
##..#
#######..#
#........#
#......#.#
######.#.#
#)#.#
#@#.#
#g#.#


ggg.# .#K#)# ....... ## #.. ## ... #..# You could see 4 gnolls and a kobold.

Vanquished Creatures
  Jessica (D:3)
  2 adders (D:2)
  An ooze (D:1)
  3 dart slugs
  3 giant geckos
  4 giant cockroaches
  6 goblins
  6 hobgoblins
  2 quokkas
  4 bats
  2 giant newts
  4 kobolds (D:1)
  9 rats
47 creatures vanquished.

Notes
Turn   | Place    | Note
--------------------------------------------------------------
     0 | D:1      | RudyRod the Naga Fighter began the quest for the Orb.
     0 | D:1      | Reached XP level 1. HP: 21/21 MP: 1/1
    73 | D:1      | Reached XP level 2. HP: 28/28 MP: 2/2
   414 | D:1      | Reached XP level 3. HP: 34/34 MP: 3/3
   694 | D:1      | Noticed an ogre
   694 | D:1      | Noticed an ogre
   694 | D:1      | Noticed an ogre
   694 | D:1      | Noticed an ogre
  1070 | D:2      | Reached XP level 4. HP: 42/42 MP: 4/4
  1294 | D:3      | Noticed Jessica
  1304 | D:3      | Killed Jessica
  1304 | D:3      | Reached skill level 1 in Stealth
  1304 | D:3      | Slain by a gnoll

Skill      XL: |  1  2  3  4 |
---------------+-------------+-----
Shields        | 3 |  3.2
Stealth        | 1 |  1.4
Fighting       | |  3.6
Long Blades    | |  2.2
Armour         | |  2.9
Dodging        | |  0.8

Action                   |  1- 3 |  4- 6 || total
-------------------------+-------+-------++-------
Melee: Long sword        |   118 |    25 ||   143
 Abil: Spit Poison       |    16 |       ||    16
  Use: Scroll            |       |     2 ||     2
       Potion            |       |     1 ||     1
  Eat: Chunk             |     1 |     1 ||     2
Armor: Scale mail        |    72 |    15 ||    87
Dodge: Dodged            |    24 |     6 ||    30
Block: Shield            |    64 |    19 ||    83
